 Dungeon Crawl Stone Soup version 0.24-a0-630-g0d56a851f4 (webtiles) character file.

Game seed: 9758445135025886564, levelgen mode: deterministic

648515 Ge0ff the Portalist (level 27, -6/198 HPs)
             Began as a Halfling Warper on Sept 20, 2019.
             Was a High Priest of Wu Jian.
             Killed by drain life
             ... invoked by a deathcap
             ... summoned by a curse toe
              (10 damage)
             ... on level 3 of the Realm of Zot.
             The game lasted 06:11:20 (94638 turns).

Ge0ff the Portalist (Halfling Warper)              Turns: 94638, Time: 06:11:21

Health: -6/198     AC: 36    Str: 26 (27) XL:     27
Magic:  22/37      EV: 17    Int: 14      God:    Wu Jian [*****.]
Gold:   7133       SH: 17    Dex: 18      Spells: 1/46 levels left

rFire    + + .     SeeInvis +   b - +6 rapier of Laceration {pierce, rElec SInv}
rCold    + . .     Gourm    .   c - +0 shield {reflect}
rNeg     + . .     Faith    .   Q - +0 gold dragon scales
rPois    +         Spirit   .   U - +2 helmet {Int+3}
rElec    +         Reflect  +   w - +2 cloak {MR+}
rCorr    .         Harm     .   D - +2 pair of gloves {archery}
MR       ++++.                  O - +1 pair of boots
Stlth    ..........             G - amulet of rage
HPRegen  0.43/turn              n - ring "Riatageg" {+Inv rF+ rN+ Slay+2, =R}
MPRegen  0.25/turn              Y - ring "Doun" {MR+ Str+6}

@: exhausted, contaminated, glowing, lightly drained, invisible (but backlit and
visible)
A: small, mutation resistance 1
}: 4/15 runes: decaying, silver, abyssal, gossamer
a: Wall Jump, Serpent's Lash, Heavenly Storm, Renounce Religion, Evoke Berserk
Rage


You were on level 3 of the Realm of Zot.
You worshipped Wu Jian.
Wu Jian was extremely pleased with you.
You were hungry.

You visited 11 branches of the dungeon, and saw 51 of its levels.
You visited the Abyss 3 times.
You also visited: Ice Cave and Volcano.

You collected 7133 gold pieces.

Inventory:

Hand Weapons
 a - the +12 Vampire's Tooth {vamp}
   (You found it on level 6 of the Lair of Beasts)

   It inflicts no extra harm, but heals its wielder when it wounds a living foe.
 b - the +6 rapier of Laceration (weapon) {pierce, rElec SInv}
   (You took it off a deep elf mage on level 5 of the Vaults)

   It inflicts extra damage upon your enemies.
   It insulates you from electricity.
   It lets you see invisible.
 h - a +3 antimagic rapier
Missiles
 f - 63 boomerangs (quivered)
 x - 13 silver boomerangs
 L - 10 atropa-tipped darts
Armour
 c - a +0 shield of reflection (worn)
 w - a +2 cloak of magic resistance (worn)
 D - a +2 pair of gloves of archery (worn)
 O - a +1 pair of boots (worn)
 Q - +0 gold dragon scales (worn)
 U - a +2 helmet of intelligence (worn)
Jewellery
 n - the ring "Riatageg" (left hand) {+Inv rF+ rN+ Slay+2, =R}
   (You found it on level 3 of the Crypt)

   [ring of positive energy]

   It affects your accuracy and damage with ranged weapons and melee attacks
   (+2).
   It protects you from fire.
   It protects you from negative energy.
   It lets you turn invisible.
 G - an amulet of rage (around neck)
 Y - the ring "Doun" (right hand) {MR+ Str+6}
   (You found it on level 2 of the Depths)

   [ring of protection from magic]

   It affects your strength (+6).
   It affects your resistance to hostile enchantments.
Wands
 d - a wand of digging (6)
 e - a wand of enslavement (6)
 j - a wand of acid (14)
 k - a wand of iceblast (24)
 p - a wand of paralysis (28)
 s - a wand of disintegration (43)
 P - a wand of polymorph (17)
Scrolls
 i - 20 scrolls of identify
 m - 2 scrolls of magic mapping
 u - 2 scrolls of holy word
 y - 6 scrolls of immolation
 B - 4 scrolls of blinking
 C - 21 scrolls of remove curse
 E - 4 scrolls of fear
 F - 9 scrolls of fog
 J - a scroll of silence {!r}
 T - 13 scrolls of teleportation
 V - 2 scrolls of vulnerability
Potions
 l - 5 potions of mutation
 o - 3 potions of ambrosia
 q - 14 potions of curing
 z - 6 potions of brilliance
 A - 3 potions of agility
 H - 8 potions of haste {!q}
 I - 5 potions of invisibility
 K - 10 potions of magic {!q}
 M - 10 potions of might
 N - a potion of cancellation {!q}
 R - 4 potions of resistance
 W - 9 potions of heal wounds {!q}
 X - 2 potions of flight
 Z - 8 potions of berserk rage {!q}
Miscellaneous
 g - a fan of gales
 v - a lamp of fire
 S - a phial of floods
Comestibles
 r - 46 rations


   Skills:
 + Level 19.1(18.6) Fighting
 - Level 14.0(13.5) Short Blades
 - Level 4.0(3.6) Throwing
 + Level 19.2(18.7) Armour
 - Level 15.0(14.5) Dodging
 - Level 5.0(4.6) Stealth
 + Level 19.2(18.7) Shields
 - Level 10.0(9.6) Spellcasting
 - Level 11.0(10.5) Conjurations
 + Level 1.7(1.3) Hexes
 + Level 7.9(7.5) Charms
 * Level 3.8(3.5) Necromancy
 - Level 21.0(20.4) Translocations
 * Level 10.8(10.4) Transmutations
 + Level 2.0(1.6) Air Magic
 - Level 5.0(4.6) Earth Magic
 - Level 15.0(14.5) Evocations


You had one spell level left.
You knew the following spells:

 Your Spells              Type           Power        Failure   Level  Hunger
a - Song of Slaying       Chrm           ####....     14%         2    None
b - Spectral Weapon       Hex/Chrm       ###.....     71%         3    #......
c - Blink                 Tloc           N/A          1%          2    None
d - Deflect Missiles      Chrm/Air       ###.......   100%        6    ######.
e - Irradiate             Conj/Tmut      #####.....   63%         5    #####..
g - Apportation           Tloc           ######       1%          1    None
j - Lesser Beckoning      Tloc           ######....   1%          3    #......
q - Swiftness             Chrm/Air       ###.....     43%         2    None
r - Regeneration          Chrm/Necr      ###.......   54%         3    #......
s - Shroud of Golubria    Chrm/Tloc      #####.       1%          2    None
t - Confusing Touch       Hex            ##....       77%         1    None
w - Passwall              Tmut/Erth      ####....     14%         2    None
y - Yara's Violent Unrav  Hex/Tmut       ###.......   99%         5    #####..
I - Silence               Hex/Air        ##........   100%        5    #####..
T - Teleport Other        Tloc           ######..     1%          3    #......

Your spell library contained the following spells:

 Spells                   Type           Power        Failure   Level  Hunger
 Magic Dart               Conj           ####         2%          1    None
 Beastly Appendage        Tmut           #####.       3%          1    None
 Infusion                 Chrm           ####         10%         1    None
 Sandblast                Erth           ###...       32%         1    None
 Animate Skeleton         Necr           N/A          45%         1    None
 Pain                     Necr           ###.         45%         1    None
 Corona                   Hex            ##.....      77%         1    None
 Freeze                   Ice            #...         91%         1    None
 Summon Butterflies       Summ           #.......     91%         1    None
 Summon Small Mammal      Summ           #...         91%         1    None
 Gell's Gravitas          Tloc           ######....   1%          3    #......
 Passage of Golubria      Tloc           N/A          1%          4    ###....
 Force Lance              Conj/Tloc      ######..     3%          4    ###....
 Searing Ray              Conj           #####.       4%          2    None
 Sticks to Snakes         Tmut           #####...     4%          2    None
 Portal Projectile        Hex/Tloc       #####.       8%          3    #......
 Recall                   Summ/Tloc      N/A          10%         3    #......
 Stone Arrow              Conj/Erth      ####..       28%         3    #......
 Iskenderun's Mystic Bla  Conj           #####...     28%         4    ###....
 Throw Frost              Conj/Ice       ###...       36%         2    None
 Dazzling Spray           Conj/Hex       ###...       50%         3    #......
 Conjure Flame            Conj/Fire      ###.....     58%         3    #......
 Spider Form              Tmut/Pois      ###.......   58%         3    #......
 Corpse Rot               Necr           N/A          61%         2    None
 Sublimation of Blood     Necr           ###.......   61%         2    None
 Blade Hands              Tmut           #####.....   63%         5    #####..
 Summon Forest            Summ/Tloc      #####.....   65%         5    #####..
 Petrify                  Tmut/Erth      ####....     67%         4    ###....
 Mephitic Cloud           Conj/Pois/Air  ###.....     77%         3    #......
 Ozocubu's Armour         Chrm/Ice       ###.....     80%         3    #......
 Iskenderun's Battlesphe  Conj/Chrm      ####....     82%         5    #####..
 Ignite Poison            Fire/Tmut/Pois ###.....     83%         3    #......
 Vampiric Draining        Necr           ###.......   83%         3    #......
 Slow                     Hex            ##......     88%         2    None
 Fulminant Prism          Conj/Hex       ###.......   88%         4    ###....
 Poisonous Vapours        Pois/Air       #.....       93%         2    None
 Ice Form                 Ice/Tmut       ###.....     94%         4    ###....
 Throw Icicle             Conj/Ice       ###.....     94%         4    ###....
 Call Imp                 Summ           #.......     97%         2    None
 Bolt of Draining         Conj/Necr      ####......   97%         5    #####..
 Confuse                  Hex            ##......     98%         3    #......
 Inner Flame              Hex/Fire       #.......     99%         3    #......
 Summon Guardian Golem    Hex/Summ       #.......     99%         3    #......
 Animate Dead             Necr           N/A          99%         4    ###....
 Leda's Liquefaction      Hex/Erth       ###.......   99%         4    ###....
 Excruciating Wounds      Chrm/Necr      ###.......   99%         5    #####..
 Hydra Form               Tmut           #####.....   99%         6    ######.
 Call Canine Familiar     Summ           #.......     100%        3    #......
 Airstrike                Air            ##........   100%        4    ###....
 Cause Fear               Hex            ##........   100%        4    ###....
 Summon Ice Beast         Ice/Summ       #.......     100%        4    ###....
 Summon Lightning Spire   Summ/Air       #.......     100%        4    ###....
 Agony                    Necr           ###.....     100%        5    #####..
 Aura of Abjuration       Summ           #.........   100%        5    #####..
 Bolt of Magma            Conj/Fire/Erth ###.......   100%        5    #####..
 Borgnjor's Vile Clutch   Necr/Erth      ###.......   100%        5    #####..
 Dispel Undead            Necr           ###.....     100%        5    #####..
 Lee's Rapid Deconstruct  Erth           ###.......   100%        5    #####..
 Metabolic Englaciation   Hex/Ice        #.........   100%        5    #####..
 Summon Demon             Summ           #.........   100%        5    #####..
 Summon Mana Viper        Hex/Summ       #.......     100%        5    #####..
 Venom Bolt               Conj/Pois      ###.......   100%        5    #####..
 Bolt of Cold             Conj/Ice       ###.......   100%        6    ######.
 Conjure Ball Lightning   Conj/Air       ###.......   100%        6    ######.
 Death Channel            Necr           ###.......   100%        6    ######.
 Freezing Cloud           Conj/Ice/Air   ###.......   100%        6    ######.
 Iron Shot                Conj/Erth      ####......   100%        6    ######.
 Ozocubu's Refrigeration  Ice            #.........   100%        6    ######.
 Shadow Creatures         Summ           N/A          100%        6    ######.
 Simulacrum               Ice/Necr       ##........   100%        6    ######.
 Orb of Destruction       Conj           #####.....   100%        7    #######
 Ring of Flames           Chrm/Fire      ###.......   100%        7    #######
 Spellforged Servitor     Conj/Summ      ###.......   100%        7    #######
 Summon Hydra             Summ           #.........   100%        7    #######
 Discord                  Hex            ##........   100%        8    #######
 Tornado                  Air            ##........   100%        9    #######


Dungeon Overview and Level Annotations

Branches:
Dungeon (15/15)            Temple (1/1) D:7            Lair (6/6) D:11
  Swamp (4/4) Lair:3       Spider (4/4) Lair:3        Slime (0/5) Lair:5
    Orc (2/2) D:11            Elf (3/3) Orc:2        Vaults (5/5) D:13
  Crypt (3/3) Vaults:2       Tomb (0/3) Crypt:3      Depths (5/5) D:15
    Zot (3/5) Depths:5      IceCv (visited)         Volcano (visited)

Altars:
Ashenzari
Cheibriados
Dithmenos
Elyvilon
Fedhas
Gozag
Kikubaaqudgha
Makhleb
Nemelex Xobeh
Okawaru
Qazlal
Ru
Sif Muna
Trog
Uskayaw
Vehumet
Wu Jian
Yredelemnul
The Shining One
Beogh
Jiyva

Shops:
D:11 *[}*?   D:14 %   Orc:2 *=?:   Elf:2 [   Elf:3 (:[:(   Vaults:2 (
Vaults:4 **=*   Depths:1 }=}(   Depths:2 }%   Depths:5 [

Portals:
Hell: Depths:1 Depths:2 Depths:3 Depths:4 Depths:5
Abyss: Depths:4 Depths:5
Pandemonium: Depths:1 Depths:3 Depths:4
Ziggurat: Depths:1


Innate Abilities, Weirdness & Mutations

You are small and have problems with some larger weapons.
You are somewhat resistant to further mutation.


Message History

You hit the deathcap.
The deathcap is lightly damaged.
You hit the deathcap but do no damage.
The deathcap is lightly damaged.
You spin and attack the deathcap repeatedly.
You puncture the deathcap!
The deathcap is moderately damaged.
You puncture the deathcap!
The deathcap is heavily damaged.
You block the deathcap's attack.
The deathcap draws from the surrounding life force!
* * * LOW HITPOINT WARNING * * *
The deathcap is healed.
The deathcap draws from the surrounding life force!
* * * LOW HITPOINT WARNING * * *
The deathcap draws from the surrounding life force!
* * * LOW HITPOINT WARNING * * *
There is a stone staircase leading up, spattered with blood here.
The deathcap draws from the surrounding life force!
You die...

,,,,...(..#,**#..#*#..#*#.#*
,,,,[......*##..###..#*#.#*
,,,,,○#....##..###..#*#.#*
,,,,,*#...?#..###).###.#*
,,,,*##....†...#)))...#*
,*,**#.......f.).[...##
,***#.#.....f○f..)[.##
,***,*#...##ff☼....##
*,*,**#..#*#...z@.##
**,**#..#*#..#...##
****#..#*#..##..##
,***..#*#..#*#.##
,,*,,**#..#*#.##
,,,,,*#..#*#.#*
,,,,,,..#**.#* ,,,,,,,***.#*
,,,,,,***,**


You could see a curse toe, 4 deathcaps and a wandering mushroom.

Vanquished Creatures
  Mennas (Vaults:1)
  2 ancient liches (Crypt:3)
  Mara (Crypt:1)
  A juggernaut (Depths:2)
  Boris (Vaults:4)
  Bai Suzhen (Swamp:3)
  A Killer Klown (Zot:2)
  10 caustic shrikes
  Xtahua (Crypt:1)
  8 golden dragons
  Nikola (Spider:4)
  A curse toe (Crypt:3)
  Jory (Crypt:1)
  2 bone dragons
  A profane servitor (Abyss:1)
  Arachne (Spider:3)
  13 liches
  An Ice Fiend (IceCv)
  3 tentacled monstrosities
  4 deep elf blademasters
  4 titans
  2 deep elf master archers (Elf:3)
  Asterion (Spider:3)
  A tentacled starspawn (Abyss:1)
  7 ancient champions
  7 sphinxes
  Agnes (Spider:4)
  8 thorn hunters
  10 shadow dragons
  Kirke (Spider:3)
  8 storm dragons
  A revenant (Crypt:1)
  9 tengu reavers
  2 draconian monks
  18 vault wardens
  Aizul (Vaults:4)
  A draconian knight (Depths:5)
  8 ghost moths
  11 fire giants
  3 iron dragons
  16 frost giants
  A draconian scorcher (Zot:3)
  2 balrugs
  10 deep elf sorcerers
  3 curse skulls
  3 deep elf elementalists
  4 emperor scorpions
  5 ghouls
  2 angels (Abyss:1)
  2 war gargoyles (Vaults:5)
  A draconian annihilator (Depths:5)
  16 very ugly things
  18 ironheart preservers
  9 entropy weavers
  14 vampire knights
  17 deep elf demonologists
  4 green draconians
  37 stone giants
  2 black draconians
  A dire elephant (Abyss:3)
  2 purple draconians (Zot:1)
  2 yellow draconians (Depths:5)
  6 red draconians
  A spark wasp (Depths:3)
  4 white draconians
  12 deep elf annihilators
  4 eidola
  8 ettins
  12 deep elf death magi
  A blizzard demon (Depths:4)
  21 fire dragons
  4 jiangshi
  15 great orbs of eyes
  13 rakshasas
  17 ice dragons
  12 yaktaur captains
  6 deep elf high priests
  2 spriggan air magi (Depths:2)
  A hell beast (Crypt:2)
  34 vault guards
  A catoblepas (shapeshifter) (Vaults:5)
  21 hydras
  A ghost crab (Swamp:4)
  A shambling mangrove (Abyss:3)
  14 centaur warriors
  2 anacondas (shapeshifter)
  5 death knights
  10 tengu warriors
  78 two-headed ogres
  24 ogre magi
  6 vampire magi
  5 deep troll shamans
  7 deep troll earth magi
  14 alligators
  24 dancing weapons
  A queen ant (shapeshifter) (Depths:4)
  A death yak (Lair:5)
  Urug (D:10)
  6 orc high priests
  A soul eater (Depths:1)
  8 spriggan berserkers
  13 skeletal warriors
  28 deep elf knights
  2 sun demons
  2 wretched stars (Abyss:1)
  A storm dragon zombie (Crypt:1)
  8 large abominations
  2 shadow wraiths
  A sixfirhy (Depths:4)
  A fire crab (shapeshifter) (Vaults:4)
  4 glowing orange brains
  An anaconda zombie (Crypt:1)
  16 deep trolls
  3 iron trolls
  8 unseen horrors
  11 flayed ghosts
  A spriggan druid (Swamp:2)
  14 deep elf archers
  5 hell knights (Depths:5)
  3 lindwurms (Swamp:4)
  12 phantasmal warriors
  9 swamp dragons
  55 deep elf magi
  3 wolf spider zombies
  8 necromancers
  A harpy (shapeshifter) (Vaults:1)
  16 ironbrand convokers
  6 wizards
  23 orb spiders
  23 orc knights
  A frost giant zombie (Depths:1)
  5 harpies (Vaults:2)
  2 oklob plants (Lair:2)
  An orb spider (shapeshifter) (Elf:2)
  41 ugly things
  8 orc sorcerers
  22 wolf spiders
  A sphinx skeleton (Crypt:3)
  10 cyclopes
  4 worldbinders (Abyss:3)
  A fire giant zombie (D:15)
  A stone giant zombie (D:15)
  A cyclops (shapeshifter) (Depths:4)
  4 frost giant skeletons
  3 manticores
  6 elephants (Lair:2)
  A moth of wrath (shapeshifter) (Vaults:5)
  Joseph (D:9)
  4 moths of wrath
  3 black mambas
  3 smoke demons (Abyss:1)
  2 ice statues (IceCv)
  3 orange demons
  2 water nymphs (Abyss:3)
  2 fire giant skeletons
  2 rust devils
  14 vault sentinels
  A gargoyle (D:13)
  A spiny frog (shapeshifter) (Vaults:1)
  34 spiny frogs
  4 kobold demonologists
  5 torpor snails
  A hellion (Crypt:2)
  2 efreet
  A redback zombie (Crypt:3)
  A dire elephant skeleton (Crypt:1)
  2 anaconda simulacra (IceCv)
  A tormentor (Abyss:1)
  10 ice devils (IceCv)
  12 demonic crawlers
  3 komodo dragons
  2 ancient zymes (Abyss:1)
  8 freezing wraiths
  A guardian mummy (D:15)
  32 yaktaurs
  A golden dragon simulacrum (IceCv)
  A purple draconian skeleton (Crypt:1)
  2 red devils
  A queen bee (shapeshifter) (Depths:5)
  26 jumping spiders
  A queen bee (D:8)
  5 trolls
  16 tyrant leeches
  A wind drake (shapeshifter) (Vaults:1)
  A meliai (shapeshifter) (Vaults:3)
  9 tengu conjurers
  A polar bear (shapeshifter) (Vaults:3)
  22 hornets
  An ettin zombie (D:15)
  11 raiju
  33 blink frogs
  11 hippogriffs
  A hippogriff (shapeshifter) (Depths:3)
  30 slime creatures
  An alligator zombie (Crypt:2)
  A fire giant simulacrum (Crypt:1)
  A meliai zombie (D:15)
  10 bog bodies
  2 hydra skeletons (Crypt:1)
  69 redbacks
  A centaur simulacrum (D:15)
  An alligator skeleton (Crypt:2)
  3 air elementals
  A tarantella (shapeshifter) (Depths:1)
  6 flying skulls
  A guardian serpent skeleton (Crypt:1)
  A redback (shapeshifter) (Vaults:2)
  4 wyverns
  9 wraiths
  2 shadows
  2 ynoxinuls
  8 spriggans
  34 tarantellas
  A dire elephant simulacrum (IceCv)
  10 water elementals
  A yak (shapeshifter) (Vaults:2)
  42 yaks
  6 hogs
  7 basilisks
  A hog (shapeshifter) (Vaults:5)
  Grum (Lair:1)
  6 hungry ghosts
  A fire elemental (Elf:2)
  2 neqoxecs
  5 chaos spawn
  27 vampire mosquitoes
  2 yaktaur simulacra (Depths:1)
  An acid dragon (Vaults:2)
  3 insubstantial wisps (Abyss:1)
  2 two-headed ogre zombies (D:11)
  2 harpy simulacra (IceCv)
  18 swamp worms
  2 iron troll simulacra (IceCv)
  A spiny frog zombie (Crypt:2)
  9 wargs
  A water moccasin (shapeshifter) (Depths:3)
  2 hydra simulacra (IceCv)
  A soldier ant (D:14)
  7 water moccasins
  A torturous demonspawn skeleton (Crypt:1)
  A floating eye (Depths:4)
  40 orc warriors
  10 porcupines
  4 ice beasts
  17 swamp drakes
  A blink frog zombie (Crypt:2)
  5 sky beasts
  3 black bears
  A black bear (shapeshifter) (D:14)
  12 starcursed masses (Abyss:1)
  An eye of draining (Abyss:1)
  An eye of draining (shapeshifter) (Depths:4)
  4 phantoms
  6 necrophages
  52 ogres
  A manticore zombie (Crypt:1)
  A spiny frog skeleton (Crypt:3)
  12 wolves (Lair:1)
  16 boggarts
  An elephant skeleton (Crypt:2)
  11 centaurs
  A lindwurm skeleton (Crypt:3)
  A manticore skeleton (Crypt:1)
  9 crocodiles
  4 elf zombies
  A blink frog skeleton (Crypt:3)
  19 big kobolds
  Blork the orc (D:4)
  A gnoll sergeant (D:9)
  A draconian skeleton (Crypt:2)
  2 earth elementals
  25 bullfrogs
  A wyvern skeleton (D:14)
  8 small abominations
  4 scorpions
  4 troll zombies
  A raiju skeleton (Crypt:1)
  A spriggan skeleton (Crypt:2)
  21 killer bees
  8 wights
  A wolf zombie (Crypt:1)
  A howler monkey (D:11)
  3 electric eels
  A troll skeleton (Crypt:1)
  5 crimson imps
  4 centaur zombies
  4 quasits
  4 hounds
  26 orc priests
  A bullfrog zombie (D:12)
  3 bullfrog skeletons
  6 centaur skeletons
  2 jellies
  41 orc wizards
  13 iron imps
  2 iguanas
  12 human skeletons (Vaults:3)
  Natasha (twice) (D:2)
  12 worker ants
  A naga zombie (Crypt:1)
  A killer bee zombie (Crypt:3)
  A big kobold zombie (Crypt:2)
  3 ogre zombies (D:11)
  A crocodile zombie (Crypt:3)
  A dwarf skeleton (Crypt:1)
  A felid skeleton (Crypt:2)
  A hound zombie (Crypt:3)
  2 hound skeletons (D:7)
  A worker ant zombie (D:6)
  A howler monkey skeleton (D:3)
  18 adders
  6 gnolls
  4 shadow imps
  3 white imps
  An ooze (D:3)
  2 ufetubi (Abyss:1)
  An adder zombie (D:10)
  7 worms
  2 dart slugs
  6 leopard geckos
  98 orcs
  6 giant cockroaches
  6 goblins
  12 hobgoblins
  16 jackals
  A quokka (D:3)
  5 ball pythons
  8 bats
  6 frilled lizards
  A gnoll skeleton (Crypt:3)
  3 goblin skeletons (D:11)
  A goblin zombie (D:11)
  5 hobgoblin skeletons (D:11)
  A hobgoblin zombie (D:11)
  A jackal skeleton (D:5)
  33 kobolds
  4 orc skeletons (D:11)
  11 orc zombies (D:11)
  A quokka skeleton (D:4)
  12 rats
  A briar patch (Swamp:4)
  6 plants
2534 creatures vanquished.

Vanquished Creatures (collateral kills)
  Louise (Spider:4)
  A merfolk avatar (D:14)
  A glowing orange brain (shapeshifter) (Vaults:5)
  An orc knight (Orc:2)
  A necromancer (Crypt:1)
  A demonic crawler (Spider:4)
6 creatures vanquished.

Vanquished Creatures (others)
  A fire giant (Depths:1)
  An emperor scorpion (Spider:4)
  A stone giant (Vaults:5)
  2 yaktaur captains
  A dancing weapon (Elf:2)
  An orc knight (Orc:2)
  A deep elf mage (Elf:2)
  A vault sentinel (Vaults:5)
  3 yaktaurs
  A jumping spider (Spider:4)
  A hornet (Vaults:4)
  A slime creature (Swamp:4)
  2 redbacks (Spider:4)
  A tarantella (Spider:1)
  A neqoxec (Abyss:1)
  A human (Spider:4)
  A sky beast (D:7)
  An ogre (Vaults:4)
  2 boggarts
  A centaur (Depths:3)
  A quasit (Depths:1)
  A jelly (Abyss:1)
  A dart slug (D:1)
  A kobold (D:1)
  3 briar patches
  12 fungi
  9 plants
  6 starspawn tentacles (Abyss:1)
  8 toadstools (Swamp:1)
  8 withered plants (D:15)
75 creatures vanquished.

Grand Total: 2615 creatures vanquished

Notes
Turn   | Place    | Note
-------+----------+-------------------------------------------
     0 | D:1      | Ge0ff the Halfling Warper began the quest for the Orb.
     0 | D:1      | Reached XP level 1. HP: 14/14 MP: 3/3
   250 | D:1      | Reached XP level 2. HP: 19/19 MP: 4/4
   561 | D:1      | Reached XP level 3. HP: 24/24 MP: 5/5
  1163 | D:2      | Learned a level 2 spell: Blink
  1166 | D:2      | Learned a level 2 spell: Shroud of Golubria
  1273 | D:2      | Reached XP level 4. HP: 30/30 MP: 6/6
  1663 | D:2      | Reached skill level 1 in Stealth
  2156 | D:2      | Noticed Natasha
  2172 | D:2      | Killed Natasha
  2172 | D:2      | Reached skill level 1 in Evocations
  2172 | D:2      | Reached XP level 5. HP: 23/35 MP: 0/7
  2411 | D:2      | Noticed Natasha
  2436 | D:2      | Killed Natasha
  3379 | D:3      | Reached skill level 5 in Short Blades
  3379 | D:3      | Reached XP level 6. HP: 34/41 MP: 8/8
  4290 | D:3      | Found an opulent altar of Gozag.
  4608 | D:4      | Reached XP level 7. HP: 18/46 MP: 9/9
  5066 | D:4      | Reached skill level 1 in Shields
  5337 | D:4      | Found a sacrificial altar of Ru.
  5682 | D:4      | Found a blossoming altar of Fedhas.
  5739 | D:4      | Noticed Blork the orc
  5757 | D:4      | Killed Blork the orc
  6294 | D:5      | Entered Level 5 of the Dungeon
  6534 | D:4      | Reached XP level 8. HP: 36/54 MP: 10/10
  7392 | D:5      | Found an ornate altar of the Wu Jian Council.
  7406 | D:5      | Became a worshipper of the Wu Jian Council
  7904 | D:6      | Reached skill level 5 in Fighting
  8002 | D:6      | Reached XP level 9. HP: 58/61 MP: 11/11
  8133 | D:6      | Found a radiant altar of Vehumet.
  8138 | D:6      | Got a transparent war axe
  8326 | D:6      | Reached skill level 5 in Armour
  8343 | D:6      | Reached * piety under Wu Jian
  8970 | D:7      | Reached skill level 5 in Shields
  9278 | D:7      | Reached XP level 10. HP: 71/71 MP: 12/12
  9433 | D:7      | Found a stormy altar of Qazlal.
  9518 | D:7      | Identified the cursed +3 war axe of Responsibility {chop,
                  | rF- rN+ Str+2} (You found it on level 6 of the Dungeon)
  9660 | D:7      | Found a staircase to the Ecumenical Temple.
  9669 | Temple   | Entered the Ecumenical Temple
 10096 | D:8      | Found an iron altar of Okawaru.
 10205 | D:8      | Reached ** piety under Wu Jian
 10284 | D:8      | Reached skill level 1 in Charms
 11042 | D:8      | Reached skill level 4 in Translocations
 11535 | D:8      | Reached skill level 5 in Translocations
 12140 | D:9      | Reached skill level 6 in Translocations
 12150 | D:9      | Reached *** piety under Wu Jian
 12381 | D:9      | Reached skill level 7 in Translocations
 12381 | D:9      | Reached XP level 11. HP: 75/75 MP: 15/15
 12706 | D:9      | Reached skill level 8 in Translocations
 13053 | D:9      | Noticed Joseph
 13081 | D:9      | Killed Joseph
 13081 | D:9      | Reached skill level 9 in Translocations
 13433 | D:10     | Entered Level 10 of the Dungeon
 13440 | D:10     | Noticed a brown ugly thing
 13727 | D:10     | Noticed a death knight
 13941 | D:10     | Noticed Urug
 13943 | D:10     | Noticed a two-headed ogre
 13962 | D:10     | Killed a two-headed ogre
 13963 | D:10     | Killed a brown ugly thing
 14522 | D:10     | Killed Urug
 14522 | D:10     | Reached skill level 5 in Dodging
 15073 | D:10     | Reached **** piety under Wu Jian
 15161 | D:10     | Reached skill level 5 in Evocations
 16118 | D:11     | Found a staircase to the Orcish Mines.
 16139 | D:11     | Reached XP level 12. HP: 50/82 MP: 16/16
 16448 | D:11     | Found Emniamy's Gadget Shop.
 16510 | D:11     | Found Oppom's General Store.
 16556 | D:11     | Found Luca's Magic Scroll Shop.
 17278 | D:11     | Found a staircase to the Lair.
 17569 | D:11     | Found Boacresch's Antique Armour Shop.
 17997 | D:11     | Found Xichaazufo's General Store.
 18002 | D:11     | Noticed a two-headed ogre
 18028 | D:11     | Killed a two-headed ogre
 18028 | D:11     | Reached skill level 10 in Translocations
 18753 | Lair:1   | Entered Level 1 of the Lair of Beasts
 19429 | Lair:1   | Noticed Grum
 19465 | Lair:1   | Killed Grum
 19560 | Lair:1   | Reached ***** piety under Wu Jian
 20302 | Lair:1   | Reached XP level 13. HP: 65/89 MP: 17/17
 23263 | Lair:3   | Found a staircase to the Swamp.
 23892 | Lair:3   | Found a hole to the Spider Nest.
 24007 | Lair:3   | Reached skill level 11 in Translocations
 24216 | Lair:4   | Noticed a seven-headed hydra
 24247 | Lair:4   | Found a dark tunnel.
 24253 | Volcano  | Entered a volcano
 24326 | Volcano  | Reached skill level 5 in Charms
 24456 | Volcano  | Reached skill level 5 in Spellcasting
 24478 | Volcano  | Noticed a red draconian
 24542 | Volcano  | Killed a red draconian
 24576 | Volcano  | Found a burning altar of Makhleb.
 24725 | Lair:4   | Killed a one-headed hydra
 24729 | Lair:4   | Reached XP level 14. HP: 37/97 MP: 21/21
 25296 | Lair:4   | Learned a level 3 spell: Teleport Other
 26848 | Lair:5   | Found a viscous altar of Jiyva.
 26849 | Lair:5   | Found a staircase to the Slime Pits.
 28224 | Lair:6   | Entered Level 6 of the Lair of Beasts
 28900 | Lair:6   | Reached skill level 10 in Short Blades
 29714 | Lair:6   | Reached skill level 10 in Dodging
 29719 | Lair:6   | Reached skill level 10 in Armour
 30644 | Lair:6   | Reached skill level 10 in Fighting
 30659 | Lair:6   | Reached XP level 15. HP: 103/103 MP: 24/24
 31131 | Lair:6   | Found the +12 Vampire's Tooth {vamp}
 31880 | D:12     | Found a white marble altar of Elyvilon.
 31979 | D:11     | Found Oppom's General Store.
 32009 | D:11     | Found Luca's Magic Scroll Shop.
 32062 | D:11     | Found a staircase to the Orcish Mines.
 32074 | D:11     | Found Emniamy's Gadget Shop.
 32168 | D:11     | Found Boacresch's Antique Armour Shop.
 32196 | D:11     | Found a staircase to the Lair.
 32610 | D:11     | Found Xichaazufo's General Store.
 33154 | D:12     | Found a roughly hewn altar of Beogh.
 33357 | D:13     | Reached skill level 5 in Stealth
 33455 | D:13     | Reached skill level 10 in Shields
 33574 | D:13     | Found a gate to the Vaults.
 33847 | D:14     | Found a runed translucent door.
 34241 | D:14     | Reached skill level 12 in Translocations
 34507 | D:14     | Found Weraivuv's Food Boutique.
 34649 | D:14     | Found a runed translucent door.
 34649 | D:14     | Found a runed translucent door.
 34662 | D:14     | Found a glowing golden altar of the Shining One.
 34917 | D:15     | Entered Level 15 of the Dungeon
 35251 | D:15     | Reached XP level 16. HP: 109/109 MP: 26/26
 35714 | D:15     | Found a staircase to the Depths.
 36492 | Swamp:1  | Entered Level 1 of the Swamp
 36911 | Swamp:1  | Noticed a thorn hunter
 36930 | Swamp:1  | Killed a thorn hunter
 37604 | Swamp:2  | Reached ****** piety under Wu Jian
 37607 | Swamp:2  | Reached skill level 13 in Translocations
 38445 | Swamp:3  | Reached XP level 17. HP: 117/117 MP: 27/27
 38452 | Swamp:3  | Noticed a thorn hunter
 38458 | Swamp:3  | Killed a thorn hunter
 38463 | Swamp:3  | Noticed a thorn hunter
 38475 | Swamp:3  | Killed a thorn hunter
 38839 | Swamp:3  | Noticed Bai Suzhen
 38883 | Swamp:3  | Killed Bai Suzhen
 39237 | Swamp:3  | Noticed a thorn hunter
 39260 | Swamp:3  | Killed a thorn hunter
 39535 | Swamp:4  | Entered Level 4 of the Swamp
 39875 | Swamp:4  | Noticed a thorn hunter
 39902 | Swamp:4  | Killed a thorn hunter
 39923 | Swamp:4  | Noticed a thorn hunter
 39956 | Swamp:4  | Killed a thorn hunter
 40231 | Swamp:4  | Got a decaying rune of Zot
 40272 | Swamp:4  | Got an ichor-stained robe
 40778 | Orc:1    | Entered Level 1 of the Orcish Mines
 40848 | Orc:1    | Found a roughly hewn altar of Beogh.
 40945 | Orc:2    | Entered Level 2 of the Orcish Mines
 41308 | Orc:1    | Reached XP level 18. HP: 126/126 MP: 28/28
 41634 | Orc:2    | Paralysed by an orc sorcerer for 3 turns
 41647 | Orc:2    | Paralysed by an orc sorcerer for 5 turns
 41656 | Orc:2    | Paralysed by an orc sorcerer for 4 turns
 41659 | Orc:2    | HP: 2/126 [orc knight/cursed -2 broad axe (18)]
 41886 | Orc:2    | Found Ywuse's Book Boutique.
 41886 | Orc:2    | Found Xyffuest's Assorted Antiques.
 41895 | Orc:2    | Found Ypteoq's Jewellery Shoppe.
 41898 | Orc:2    | Found Adoddum's Magic Scroll Shoppe.
 41974 | Orc:2    | Found a staircase to the Elven Halls.
 42728 | Spider:1 | Entered Level 1 of the Spider Nest
 42796 | Spider:1 | Reached skill level 14 in Translocations
 43480 | Spider:2 | Learned a level 2 spell: Passwall
 44705 | Spider:3 | Noticed Asterion
 44959 | Spider:3 | Reached skill level 1 in Earth Magic
 45028 | Spider:3 | Noticed Arachne
 45050 | Spider:3 | Killed Arachne
 45050 | Spider:3 | Reached skill level 1 in Transmutations
 45339 | Spider:3 | Noticed an Executioner
 45532 | Spider:3 | Killed Asterion
 45883 | Spider:4 | Entered Level 4 of the Spider Nest
 45977 | Spider:4 | Identified the +5 large shield of Caodd {rN+}
 45977 | Spider:4 | Noticed Louise
 45978 | Spider:4 | Noticed Agnes
 45992 | Spider:4 | Killed Agnes
 46006 | Spider:4 | Killed Louise
 46006 | Spider:4 | Reached XP level 19. HP: 123/132 MP: 30/30
 46129 | Spider:4 | Learned a level 3 spell: Lesser Beckoning
 46470 | Spider:4 | Noticed Kirke
 46799 | Spider:3 | Killed Kirke
 46872 | Spider:3 | Reached skill level 10 in Evocations
 48436 | Spider:4 | Noticed Nikola
 48456 | Spider:4 | Killed Nikola
 49087 | Spider:4 | Got a gossamer rune of Zot
 49464 | Elf:1    | Entered Level 1 of the Elven Halls
 50423 | Elf:1    | Identified the Grimoire of Necromancy
 50434 | Elf:1    | Learned a level 3 spell: Regeneration
 50437 | Elf:1    | Learned a level 2 spell: Song of Slaying
 50442 | Elf:1    | Learned a level 4 spell: Passage of Golubria
 50446 | Elf:1    | Learned a level 3 spell: Spectral Weapon
 50448 | Elf:1    | Learned a level 1 spell: Confusing Touch
 50454 | Elf:1    | Learned a level 5 spell: Yara's Violent Unravelling
 50798 | Elf:2    | Found Luwecem's Antique Armour Boutique.
 50801 | Elf:2    | Reached XP level 20. HP: 140/140 MP: 31/31
 50993 | Elf:2    | Found a runed translucent gate.
 50993 | Elf:2    | Found a runed translucent gate.
 50993 | Elf:2    | Found a runed translucent gate.
 51062 | Elf:2    | Identified the ring of Siojot {MP+9 Int+4} (You found it on
                  | level 2 of the Elven Halls)
 51190 | Elf:2    | Reached skill level 5 in Earth Magic
 52780 | Elf:3    | Entered Level 3 of the Elven Halls
 52780 | Elf:3    | Found Qiclif's Antique Armour Shoppe.
 53059 | Elf:3    | Noticed a Hell Sentinel
 53062 | Elf:3    | Found a frozen archway.
 53066 | IceCv    | Entered an ice cave
 53927 | IceCv    | Noticed an Ice Fiend
 53932 | IceCv    | Killed an Ice Fiend
 53932 | IceCv    | Reached skill level 15 in Translocations
 53932 | IceCv    | Reached skill level 5 in Transmutations
 53937 | IceCv    | Identified the +2 leather armour of Hedge Wizardry
                  | {*Corrode rF+ Str+3 Dex+4} (You found it in an ice cave)
 54154 | Elf:3    | Found Xawiag's Book Emporium.
 54243 | Elf:3    | Reached XP level 21. HP: 145/145 MP: 34/34
 54306 | Elf:3    | Noticed a Brimstone Fiend
 54650 | Elf:3    | Found Binin's Book Shoppe.
 55120 | Elf:3    | Found Busmoedy's Weapon Emporium.
 55397 | Elf:3    | Found Geimaorch's Weapon Shop.
 55497 | Elf:3    | Identified the +6 falchion "Kidym" {speed, Str+2 Int+2
                  | Dex+4}
 55670 | Elf:3    | Identified the +3 robe "Bosutok" {*Slow +Blink MR+ Str+2}
 55955 | Elf:3    | Identified the cursed +3 trident "Pendulum" {protect, Int+8
                  | Dex-2 SInv Stlth+}
 56056 | Elf:3    | Identified the Tome of Boosting Moulding
 56064 | Elf:3    | Learned a level 5 spell: Irradiate
 56395 | Elf:3    | Got a polished hand crossbow {don't use}
 56589 | Elf:3    | Found Xawiag's Book Emporium.
 56635 | Elf:3    | Found Busmoedy's Weapon Emporium.
 56661 | Elf:3    | Identified the cursed +1 leather armour of Love and Death
                  | {rC+ Str+8 Dex-5}
 56982 | Vaults:1 | Entered Level 1 of the Vaults
 57229 | Vaults:1 | Reached skill level 10 in Spellcasting
 57298 | Vaults:1 | Reached XP level 22. HP: 145/154 MP: 36/36
 57724 | Vaults:1 | Reached skill level 16 in Translocations
 59645 | Vaults:1 | Reached skill level 15 in Armour
 60694 | Vaults:2 | Noticed Mennas
 60839 | Vaults:2 | Found Ziep Haoneo's Antique Weapon Shop.
 60946 | Vaults:2 | Reached skill level 15 in Shields
 60946 | Vaults:2 | Reached XP level 23. HP: 147/161 MP: 37/37
 61102 | Vaults:2 | You fall into a shaft and drop 1 floor!
 61345 | Vaults:3 | Reached skill level 15 in Fighting
 61536 | Vaults:2 | Found a staircase to the Crypt.
 61581 | Vaults:2 | Reached skill level 1 in Conjurations
 61774 | Vaults:1 | Killed Mennas
 62835 | Vaults:3 | Reached skill level 17 in Translocations
 64315 | Vaults:4 | Noticed Aizul
 64337 | Vaults:4 | Killed Aizul
 64606 | Vaults:4 | Reached XP level 24. HP: 170/170 MP: 37/37
 65623 | Vaults:4 | Found Jowiemie's General Store.
 65623 | Vaults:4 | Found Pyhich's General Store.
 65700 | Vaults:4 | Learned a level 6 spell: Deflect Missiles
 65711 | Vaults:4 | Noticed Boris
 66025 | Vaults:4 | Killed Boris
 66230 | Vaults:4 | Found Varoe's Assorted Antiques.
 66457 | Vaults:4 | Reached skill level 5 in Conjurations
 66536 | Vaults:4 | Found Abboz's Jewellery Shop.
 66755 | Crypt:1  | Entered Level 1 of the Crypt
 66783 | Crypt:1  | Noticed Jory
 67293 | Crypt:1  | Noticed Mara
 67466 | Depths:1 | Entered Level 1 of the Depths
 68084 | Depths:1 | Found a gateway to a ziggurat.
 68246 | Depths:1 | Found a one-way gate leading to the halls of Pandemonium.
 68430 | Depths:1 | Found Moucoul's Weapon Shop.
 68519 | Depths:1 | Reached skill level 18 in Translocations
 68840 | Depths:1 | Got a bone quick blade
 68841 | Depths:1 | Identified the cursed +2 quick blade of Xom's Righteous
                  | Fury {vamp, rC++ Str-3 Dex+5} (You found it on level 1 of
                  | the Depths)
 69001 | Depths:1 | Found a gateway to Hell.
 69100 | Depths:1 | Found Fiebesk's Gadget Shop.
 69101 | Depths:1 | Found Ycill's Jewellery Emporium.
 69102 | Depths:1 | Found Yharchayh's Gadget Shop.
 69369 | Depths:2 | Reached XP level 25. HP: 168/177 MP: 37/37
 69639 | Depths:2 | Found a transporter.
 69770 | Depths:2 | Found Vemia's Food Shoppe.
 69896 | Depths:2 | Found Jywupom's Gadget Emporium.
 70167 | Depths:2 | Found a transporter.
 70863 | Depths:3 | Found an opulent altar of Gozag.
 70864 | Depths:3 | Found a sacrificial altar of Ru.
 70864 | Depths:3 | Found a bloodstained altar of Trog.
 70864 | Depths:3 | Found a basalt altar of Yredelemnul.
 71582 | Depths:3 | Reached skill level 15 in Dodging
 71746 | Depths:3 | Noticed a caustic shrike
 71755 | Depths:3 | Killed a caustic shrike
 71845 | Depths:3 | Identified the Tome of Feathery Transmutation
 71851 | Depths:3 | Identified the +3 scale mail "Hohua" {rElec rC+ rCorr SInv}
                  | (You found it on level 3 of the Depths)
 72194 | Depths:3 | Found an opulent altar of Gozag.
 72929 | Depths:4 | Found a one-way gate to the infinite horrors of the Abyss.
 73120 | Depths:4 | Noticed a caustic shrike
 73199 | Depths:4 | Reached XP level 26. HP: 187/187 MP: 37/37
 73917 | Depths:4 | Found an iron altar of Okawaru.
 74074 | Depths:4 | Reached skill level 19 in Translocations
 75607 | Depths:5 | Entered Level 5 of the Depths
 76532 | Depths:5 | Reached skill level 15 in Evocations
 76576 | Depths:5 | Reached XP level 27. HP: 171/194 MP: 37/37
 77171 | Depths:5 | Found Kushric's Antique Armour Boutique.
 78336 | Depths:5 | Found a gate to the Realm of Zot.
 79117 | Depths:2 | Noticed a juggernaut
 79169 | Depths:2 | Killed a juggernaut
 79172 | Depths:2 | Reached skill level 20 in Translocations
 79471 | Depths:2 | Got a scintillating bone ring
 79472 | Depths:2 | Identified the ring of Arits {*Tele rElec MP+9} (You found
                  | it on level 2 of the Depths)
 79495 | Depths:2 | Identified the ring "Doun" {MR+ Str+6}
 79922 | Crypt:1  | Noticed Ge0ff's illusion
 79932 | Crypt:1  | Killed Mara
 80514 | Crypt:1  | Killed Jory
 80905 | Crypt:1  | Noticed Xtahua
 80922 | Crypt:1  | Paralysed by Xtahua for 5 turns
 80928 | Crypt:1  | Killed Xtahua
 81710 | Crypt:2  | Learned a level 1 spell: Apportation
 81894 | Crypt:2  | Found an ancient bone altar of Kikubaaqudgha.
 82578 | Crypt:3  | Entered Level 3 of the Crypt
 82586 | Crypt:3  | Found a staircase to the Tomb.
 83559 | Crypt:3  | Found the +10 morningstar "Eos" {elec, Halo rElec}
 83560 | Crypt:3  | Found the +7 sceptre of Torment {pain, torment}
 86122 | Crypt:3  | Noticed an ancient lich
 86122 | Crypt:3  | Noticed an ancient lich
 86380 | Crypt:3  | Identified the ring of Daggom {rPois rN+ MR+ Int-2} (You
                  | found it on level 3 of the Crypt)
 86381 | Crypt:3  | Identified the ring "Riatageg" {+Inv rF+ rN+ Slay+2} (You
                  | found it on level 3 of the Crypt)
 86792 | Crypt:3  | Killed an ancient lich
 88129 | Crypt:3  | Killed an ancient lich
 88300 | Vaults:5 | Entered Level 5 of the Vaults
 88923 | Vaults:5 | Identified the +11 great sword of Departure {flame, rN+
                  | MR++}
 89791 | Vaults:5 | Identified the +6 rapier of Laceration {pierce, rElec SInv}
 89943 | Vaults:5 | Reached skill level 10 in Conjurations
 90589 | Vaults:5 | Identified Sif Muna's Handbook of Floating Contamination
 90596 | Vaults:5 | Learned a level 2 spell: Swiftness
 90598 | Vaults:5 | Got a silver rune of Zot
 91690 | Depths:4 | Voluntarily entered the Abyss.
 91787 | Abyss:1  | Reached skill level 10 in Transmutations
 91922 | Abyss:1  | Found a hide-covered altar of Uskayaw.
 92270 | Abyss:1  | Paralysed by accursed screaming for 1 turns
 92298 | Abyss:1  | Reached skill level 21 in Translocations
 92332 | Abyss:1  | Found a corrupted altar of Lugonu.
 92821 | Depths:4 | Escaped the Abyss
 92897 | Depths:4 | Voluntarily entered the Abyss.
 92919 | Abyss:1  | Reached skill level 1 in Necromancy
 93051 | Depths:4 | Escaped the Abyss
 93178 | Depths:4 | Voluntarily entered the Abyss.
 93178 | Abyss:1  | Found a corrupted altar of Lugonu.
 93180 | Abyss:1  | Found a corrupted altar of Lugonu.
 93400 | Abyss:3  | Found a corrupted altar of Lugonu.
 93439 | Abyss:3  | Got an abyssal rune of Zot
 93505 | Depths:4 | Escaped the Abyss
 93730 | Lair:1   | Learned a level 5 spell: Silence
 93996 | Zot:1    | Entered Level 1 of the Realm of Zot
 94129 | Zot:2    | Noticed a Killer Klown
 94156 | Zot:2    | Killed a Killer Klown
 94223 | Zot:2    | Reached skill level 1 in Air Magic
 94306 | Zot:3    | Reached skill level 1 in Hexes
 94636 | Zot:3    | HP: 5/198 [deathcap/drain life[a curse toe] (10)]
 94638 | Zot:3    | Killed from afar by a deathcap

Levels and vault maps discovered:
D:1:      dpeg_arrival_radiant, layout_loops_ring, lemuel_flame_loot_1
D:2:      layout_basic, uniq_natasha
D:3:      layout_rooms, grunt_gozag_breadcrumbs, minmay_snake_closets
D:4:      layout_loops_cross, nicolae_ru_great_annihilating_truth, first_ration,
          fedhas_altar_3, uniq_blork_the_orc
D:5:      layout_cave_pools, lemuel_doored_altar,
          minmay_a_box_with_orc_wizards_in_it
D:6:      layout_basic, vehumet_crystals
D:7:      layout_loops_ring, lemuel_crystal_altar, minmay_temple_entry_poolview,
          st_stairs_6, minmay_fractal_squares_gapless_5
D:8:      layout_basic, basic_altar, david_nohive_1
D:9:      layout_stronghold, nrook_mini_vaults, uniq_joseph
D:10:     minmay_curly_fans, layout_loops_ring, special_room
          [special_room_kobold], uniq_urug
D:11:     layout_basic, erik_lair_dragon, zombieorc2_lemuel, serial_shops,
          kennysheep_mini, shop, shop, nicolae_shop_statue_plus, shop
D:12:     layout_rooms, special_room [special_room_orc], basic_altar,
          hangedman_decor_riveting, minmay_fountain_box
D:13:     layout_big_octagon, david_vaults_5
D:14:     layout_roguey, tso_altar, serial_shops, nicolae_shop_crystal,
          grunt_ministairs_13, mikee_hates_you
D:15:     gammafunk_depths_entry_grave, layout_basic, minmay_misc_feat_cross
Temple:   nicolae_temple_x_marks_the_god
Lair:1:   layout_chaotic_city, chequers_serial_rivers_micro_e, uniq_grum
Lair:2:   layout_chaotic_city, grunt_forest_large_clearing_hut,
          minmay_lair_oklob_chamber
Lair:3:   layout_regular_city, skrybe_swamp_entry_bodies,
          spider_nest_entry_rubble
Lair:4:   layout_regular_city, enter_volcano_2, serial_bayou_shore_b
Lair:5:   layout_regular_city, dpeg_slime_entry_enclosed_altar,
          beast_lair_carwin_8, lemuel_fruit_tree
Lair:6:   minmay_lair_end_frog_pond, layout_gridlike
Swamp:1:  cheibrodos_swamp_tower_of_moss, layout_basic_swamp,
          hangedman_swamp_lotus, infiniplex_staircase_pool_2
Swamp:2:  layout_basic_swamp, nicolae_swamp_stair_fork,
          infiniplex_staircase_pool
Swamp:3:  layout_basic_swamp, evilmike_swamp_ruin_house_4, uniq_bai_suzhen
Swamp:4:  swamp_alternative, layout_basic_swamp
Spider:1: layout_spider_delve
Spider:2: layout_chambers
Spider:3: layout_spider_delve, uniq_arachne, uniq_asterion
Spider:4: johnstein_spider_rune_arachne_lair, uniq_louise, uniq_agnes,
          uniq_nikola, uniq_kirke
Orc:1:    layout_diamond_mine, kennysheep_orc_chapel
Orc:2:    st_orc_elflike, layout_diamond_mine
Elf:1:    layout_geoelf_grid, minmay_elf_necromancy, fountainhead,
          due_unseen_surprise
Elf:2:    layout_rooms, serial_shops, nicolae_shop_overgrown_old_shop,
          serial_sigils_hangedman_scar
Elf:3:    grunt_elf_hall_diamonds, layout_loops_cross,
          portal_ice_cave_entry_pillars_four, serial_shops,
          nicolae_shop_temple_entry_statues_fountains, nicolae_shop_stone,
          nicolae_shop_overgrown_old_shop, shop, nicolae_shop_trees,
          elf_orc_summit_meeting
Vaults:1: nicolae_vaults_network_star, dpeg_vaults_pockets_of_resistance,
          grunt_vaults_hallway_short, v_rooms_1, v_misc_9, v_rooms_4,
          vaults_standard_mumra_enter_the_diamond, grunt_vaults_hallway_short,
          vaults_dpeg_hooks, layout_vaults_chaotic_city
Vaults:2: hangedman_vaults_corner, vaults_standard_mumra_lines,
          hangedman_vaults_slice, minmay_crypt_entry_simple_round, v_misc_33,
          v_misc_25, hangedman_vaults_capsules, v_misc_11,
          layout_vaults_omnigrid, serial_shops, shop_fountains, uniq_mennas
Vaults:3: vaults_dpeg_diagonal, v_rooms_6, nicolae_vaults_yaktaur_gun_rack,
          vaults_dpeg_encased_lava, vaults_dpeg_ring, hangedman_vaults_locks,
          nicolae_vaults_lopsided_apartments, v_rooms_5,
          dpeg_vaults_monster_row, nicolae_vaults_diagonal_hallway_7,
          ontoclasm_vaults_decontamination, nicolae_vaults_little_squares_1,
          layout_vaults_omnicross
Vaults:4: grunt_vaults_funnel, vaults_standard_mumra_x, v_misc_31,
          nicolae_vaults_little_squares_4, nicolae_vaults_network_quinsquares
          [nicolae_vaults_network_quincunx_subvault,
          nicolae_vaults_network_quincunx_subvault,
          nicolae_vaults_network_quincunx_subvault,
          nicolae_vaults_network_quincunx_subvault], vaults_room_large_hall,
          v_misc_19, v_misc_11, ontoclasm_vaults_ligature, v_misc_33,
          nicolae_vaults_angled_halls, vaults_mumra_chevron_long,
          nicolae_vaults_theta, layout_vaults_ring, serial_shops,
          nicolae_shop_waterfront, nicolae_shop_waterfront, shop, shop,
          uniq_boris, uniq_aizul
Vaults:5: serial_shops
Crypt:1:  layout_catacombs, uniq_jory, uniq_mara, uniq_xtahua
Crypt:2:  layout_chaotic_city, minivault_23, lemuel_hellish_altar
Crypt:3:  david_glass_crypt, layout_misc_corridors
Depths:1: layout_basic, enter_ziggurat_c, minmay_misc_feat_four_crosses,
          pf_hell_entry_tar_spiral, grunt_pan_entry_spiral, serial_shops,
          nicolae_shop_stone, minmay_guarded_unrand_vampires_tooth,
          minmay_shop_grove
Depths:2: gammafunk_dig_for_victory, layout_gridlike, hell_entry, minivault_14,
          infiniplex_staircase_zigzag_2, minmay_shoptagon
Depths:3: minmay_the_grid_octo_tiled_octocenter [minmay_the_grid_octo_shrine,
          minmay_the_grid_octo_odd_swirl, minmay_the_grid_octo_clover_2,
          minmay_the_grid_octo_horde,
          minmay_the_grid_octo_prize_square_snowflake,
          minmay_the_grid_square_5x5_one_wall, minmay_the_grid_square_5x5_tie,
          minmay_the_grid_square_5x5_minibox,
          minmay_the_grid_square_5x5_two_small], layout_twisted_cross,
          hell_entry, pan_entry, basic_altar
Depths:4: minmay_central_circle, layout_small_grid, rand_demon_pan_entry_3,
          abyss_entry, minmay_misc_feat_plants, hell_entry,
          minmay_misc_feat_nine_boxes, glass_columns_a,
          okawaru_ov_weapons_minmay
Depths:5: grunt_zot_entry_gee_three, layout_cave_pools,
          marbit_kobold_abyss_entry, grunt_hell_entry_dis_mu, serial_shops,
          shop, minmay_misc_feat_tower, grunt_ministairs_1, st_stairs_5
Zot:1:    gammafunk_mikee_crab_dinner, layout_misc_corridors,
          st_grand_hoard_of_tiamat
Zot:2:    kennysheep_blocky_hall, layout_twisted_circle
Zot:3:    layout_onion

Skill      XL: |  1  2  3  4  5  6  7  8  9 10 11 12 13 14 15 16 17 18 19 20 21 22 23 24 25 26 27 |
---------------+----------------------------------------------------------------------------------+-----
Fighting       | 2 3 5 7 8 9 10 11 12 13 14 15 16 17 19 | 19.1
Short Blades   | 3 4 5 6 7 8 9 10 11 12 13 14 | 14.0
Stealth        | 1 2 3 5 |  5.0
Evocations     | 1 2 3 4 5 7 9 11 12 13 15 | 15.0
Armour         | 2 3 4 6 7 8 9 10 11 12 13 14 15 16 17 18 19 | 19.2
Shields        | 2 3 5 6 7 8 10 12 13 14 15 16 17 19 | 19.2
Dodging        | 3 4 5 8 9 10 12 13 14 15 | 15.0
Throwing       | 2 3 4 |  4.0
Charms         | 3 5 7 |  7.9
Spellcasting   | 3 5 6 7 9 10 | 10.0
Translocations | 7 9 10 11 12 13 14 15 16 17 18 19 21 | 21.0
Earth Magic    | 2 4 5 |  5.0
Transmutations | 1 3 5 10 | 10.8
Conjurations   | 4 5 11 | 11.0
Necromancy     | 3 |  3.8
Air Magic      | 2 |  2.0
Hexes          | 1 |  1.7

Action                   |  1- 3 |  4- 6 |  7- 9 | 10-12 | 13-15 | 16-18 | 19-21 | 22-24 | 25-27 || total
-------------------------+-------+-------+-------+-------+-------+-------+-------+-------+-------++-------
Melee: Short sword       |   124 |   363 |   441 |       |       |       |       |       |       ||   928
       Dagger            |       |       |   184 |  1764 |  2257 |       |       |       |       ||  4205
       Long sword        |       |       |    44 |   265 |    33 |       |       |       |       ||   342
       Scimitar          |       |       |       |       |    53 |       |       |       |       ||    53
       Quick blade       |       |       |       |       |  1016 |  3716 |  3609 |  4418 |  5993 || 18752
       Rapier            |       |       |       |       |       |       |   255 |   789 |  2114 ||  3158
Throw: Boomerang         |     3 |     2 |    10 |       |       |       |     2 |       |    45 ||    62
       Stone             |     3 |    83 |   102 |   134 |    37 |       |       |       |       ||   359
       Dart              |       |     4 |    64 |     6 |   193 |     2 |    11 |     4 |    25 ||   309
 Cast: Blink             |       |       |       |       |     5 |     6 |     4 |     7 |    26 ||    48
       Shroud of Golubri |       |       |       |       |     3 |       |       |     3 |    14 ||    20
       Apportation       |       |       |       |       |       |       |       |       |    35 ||    35
       Passwall          |       |       |       |       |       |       |       |       |    18 ||    18
       Irradiate         |       |       |       |       |       |       |       |       |     3 ||     3
       Lesser Beckoning  |       |       |       |       |       |       |       |       |     2 ||     2
       Regeneration      |       |       |       |       |       |       |       |       |     1 ||     1
Invok: Lunge             |       |       |     8 |    54 |    69 |   139 |   132 |   145 |   201 ||   748
       Whirlwind         |       |       |    11 |   533 |   979 |  1058 |   984 |  1504 |  1977 ||  7046
       Serpent's Lash    |       |       |       |     1 |    20 |    44 |    62 |    58 |    97 ||   282
 Abil: Wall Jump         |       |       |       |    14 |     3 |     1 |     4 |     8 |     3 ||    33
       Evoke Berserk Rag |       |       |       |     2 |     3 |     2 |     4 |     1 |       ||    12
       Evoke Invisibilit |       |       |       |       |       |       |       |       |     3 ||     3
Evoke: Wand              |       |       |     2 |     8 |    37 |    14 |     8 |     5 |    52 ||   126
       Lamp of fire      |       |       |       |       |     2 |     3 |     8 |     8 |    18 ||    39
       Lightning rod     |       |       |       |       |       |     8 |    13 |    25 |    22 ||    68
       Phial of floods   |       |       |       |       |       |     1 |     1 |       |     2 ||     4
       Fan of gales      |       |       |       |       |       |       |       |     1 |     2 ||     3
  Use: Potion            |       |     1 |       |       |       |    10 |     1 |     3 |     8 ||    23
       Scroll            |       |     3 |     3 |    13 |    15 |    11 |    14 |    14 |    27 ||   100
 Stab: Invisible         |       |       |       |       |     1 |       |       |       |    18 ||    19
       Confused          |       |       |       |       |       |     5 |       |       |       ||     5
       Distracted        |       |       |       |       |       |     1 |       |       |     1 ||     2
       Fleeing           |       |       |       |       |       |       |     1 |       |       ||     1
       Held in net/web   |       |       |       |       |       |       |     1 |       |       ||     1
       Paralysed         |       |       |       |       |       |       |       |       |     2 ||     2
  Eat: Chunk             |     1 |    11 |    16 |    37 |    45 |    35 |    31 |    41 |    42 ||   259
       Ration            |       |       |     4 |     3 |     4 |     3 |     5 |     3 |    17 ||    39
Armor: Leather armour    |    10 |       |       |       |       |       |       |       |       ||    10
       Ring mail         |    12 |    35 |       |       |       |       |       |       |       ||    47
       Plate armour      |       |    86 |   270 |   464 |   494 |   543 |   221 |       |       ||  2078
       Scale mail        |       |       |       |       |    11 |       |       |       |       ||    11
       Gold dragon scale |       |       |       |       |       |       |   325 |   644 |  1068 ||  2037
Dodge: Dodged            |    76 |   173 |   219 |   766 |  1006 |   852 |   542 |   679 |  1354 ||  5667
Block: Buckler           |       |       |    14 |   424 |   510 |   140 |       |       |       ||  1088
       Shield            |       |       |       |       |       |   479 |   748 |   963 |  1919 ||  4109
       Reflection        |       |       |       |       |       |       |       |       |    71 ||    71
       Rpst.: Long sword |       |       |     3 |    34 |       |       |       |       |       ||    37
       Scimitar          |       |       |       |       |    18 |       |       |       |       ||    18

Table legend:
 A = Non-vault XP
 B = Vault XP
 C = Vault XP percentage of total XP
 D = Non-vault monster count
 E = Vault monster count
 F = Vault count percentage of total count
                 A         B        C        D         E       F
            +---------+---------+-------+---------+---------+-------
      Total |  775381 |  772194 |  49.9 |    1652 |     903 |  35.3
            +---------+---------+-------+---------+---------+-------
        D:1 |      41 |       0 |   0.0 |      24 |       0 |   0.0
        D:2 |     145 |      33 |  18.5 |      36 |       1 |   2.7
        D:3 |     104 |      99 |  48.8 |      22 |      11 |  33.3
        D:4 |     539 |     328 |  37.8 |      23 |      10 |  30.3
        D:5 |     557 |      75 |  11.9 |      12 |       2 |  14.3
        D:6 |     898 |       0 |   0.0 |      31 |       0 |   0.0
        D:7 |    1755 |     227 |  11.5 |      31 |       2 |   6.1
        D:8 |     951 |    1311 |  58.0 |      35 |      17 |  32.7
        D:9 |    2061 |     643 |  23.8 |      33 |       2 |   5.7
       D:10 |    2398 |    3946 |  62.2 |      16 |      26 |  61.9
       D:11 |    2507 |    1814 |  42.0 |      13 |      41 |  75.9
       D:12 |    6863 |    1490 |  17.8 |      22 |      20 |  47.6
       D:13 |    9406 |    6108 |  39.4 |      36 |       8 |  18.2
       D:14 |    6571 |    3279 |  33.3 |      19 |      12 |  38.7
       D:15 |   22500 |    9302 |  29.2 |      49 |      12 |  19.7
     Lair:1 |    7057 |     430 |   5.7 |      37 |       3 |   7.5
     Lair:2 |    5813 |    1949 |  25.1 |      22 |       6 |  21.4
     Lair:3 |    3484 |     806 |  18.8 |      16 |       2 |  11.1
     Lair:4 |    3237 |       0 |   0.0 |      10 |       0 |   0.0
     Lair:5 |    5603 |    9377 |  62.6 |      23 |      26 |  53.1
     Lair:6 |    4050 |    6878 |  62.9 |      15 |      27 |  64.3
    Swamp:1 |   15557 |    2109 |  11.9 |      36 |       1 |   2.7
    Swamp:2 |   13085 |       0 |   0.0 |      35 |       0 |   0.0
    Swamp:3 |   15698 |    5506 |  26.0 |      36 |       1 |   2.7
    Swamp:4 |    9897 |   18929 |  65.7 |      23 |      24 |  51.1
   Spider:1 |   13011 |       0 |   0.0 |      38 |       0 |   0.0
   Spider:2 |    8107 |       0 |   0.0 |      22 |       0 |   0.0
   Spider:3 |   11756 |   11308 |  49.0 |      33 |       9 |  21.4
   Spider:4 |   20132 |   34781 |  63.3 |      58 |      55 |  48.7
      Orc:1 |    2996 |    1672 |  35.8 |      32 |       6 |  15.8
      Orc:2 |    2907 |    7294 |  71.5 |      22 |      24 |  52.2
      Elf:1 |   10502 |    7761 |  42.5 |      17 |      14 |  45.2
      Elf:2 |   21770 |   24858 |  53.3 |      42 |      30 |  41.7
      Elf:3 |   21739 |   70130 |  76.3 |      33 |      60 |  64.5
   Vaults:1 |   39432 |   45187 |  53.4 |      75 |      54 |  41.9
   Vaults:2 |   29653 |   17601 |  37.2 |      50 |      18 |  26.5
   Vaults:3 |   31380 |   31753 |  50.3 |      50 |      55 |  52.4
   Vaults:4 |   22510 |   46599 |  67.4 |      31 |      48 |  60.8
   Vaults:5 |   45236 |  130492 |  74.3 |      52 |      85 |  62.0
    Crypt:1 |   30161 |   15304 |  33.7 |      51 |       3 |   5.6
    Crypt:2 |   19788 |    2423 |  10.9 |      28 |       9 |  24.3
    Crypt:3 |   12621 |   34660 |  73.3 |      22 |      11 |  33.3
   Depths:1 |   33162 |   14081 |  29.8 |      50 |      20 |  28.6
   Depths:2 |   42515 |   45225 |  51.5 |      52 |      25 |  32.5
   Depths:3 |   35834 |   36265 |  50.3 |      45 |      23 |  33.8
   Depths:4 |   50021 |   52961 |  51.4 |      48 |      27 |  36.0
   Depths:5 |   52370 |   30003 |  36.4 |      38 |      23 |  37.7
      Zot:1 |    3585 |       0 |   0.0 |       3 |       0 |   0.0
      Zot:2 |   14965 |    1828 |  10.9 |       8 |       1 |  11.1
      Zot:3 |   22687 |       0 |   0.0 |      14 |       0 |   0.0
    Abyss:1 |   31826 |       0 |   0.0 |      74 |       0 |   0.0
    Abyss:3 |    3938 |   19322 |  83.1 |       9 |      18 |  66.7
      IceCv |       0 |    9457 | 100.0 |       0 |      23 | 100.0
    Volcano |       0 |    6590 | 100.0 |       0 |       8 | 100.0
            +---------+---------+-------+---------+---------+-------
